[Event "Late-Titled-Tuesday-Blitz-March-19-2024"]
[Site "Chess.com"]
[Date "2024.03.19"]
[Round "4"]
[White "Shahdad2007"]
[Black "Eduard_Limonov"]
[Result "1/2-1/2"]
[WhiteElo "2613"]
[BlackElo "2852"]
[TimeControl "180+1"]
[EndTime "14:41:51 PDT"]
[Termination "Game drawn by repetition"]

1. e4 c5 2. Nf3 d6 3. d4 cxd4 4. Nxd4 Nf6 5. Nc3 a6 6. Be3 e5 7. Nb3 Be6 8. f3 h5 9. Qd2 Nbd7 10. O-O-O Rc8 11. Nd5 Nxd5 12. exd5 Bf5 13. Bd3 Bxd3 14.
Qxd3 Be7 15. Kb1 Nb6 16. g4 Nc4 17. Bc1 b5 18. Rdg1 g6 19. gxh5 Rxh5 20. Rxg6 Kd7 21.
Rg2 Qh8 22. Nd2 Qh7 23. Ne4 f5 24. Ng3 Rg8 25. b3 f4 26. Qxh7 Rxh7 27. bxc4 bxc4 28. Rhg1 fxg3 29. hxg3 Rb8+ 30. Ka1 e4 31. fxe4 Bf6+ 32. c3 Bxc3+ 33. Bb2 Rxb2 34. Rxb2 Rh2 35. Rb1 Re2 36. a4 Rxe4 37. Ka2 Bxb2 38. Rxb2 Kc7 39. a5 Rd4 40. Rb6 Rxd5 41. Rxa6 Rg5 42. Ka3 Rxg3+ 43. Kb4 d5 44. Rf6 Rb3+ 45. Kc5 c3 46. Kxd5 Rb5+ 47. Kc4 c2 48. Kxb5 c1=Q 49. Rf7+ Kb8 50. Rf8+ Kc7 51.
Rf7+ Kd6 52. Rf6+ Ke7 53. Rb6 Kd7 54. Ka6 Kc7 55. Ka7 Qc5 56. Ka6 Qc4+ 57. Ka7 Qd3 58.
Rb7+ Kc6 59. Rb6+ Kc5 60. a6 Qd8 61. Rb7 Kc6 62. Rb8 Qd4+ 63. Ka8 Kc7 64. Rb7+ Kc6 65. Rb8 Qd5 66. Rb7 Qa5 67. Ka7 Qc5+ 68. Ka8 Qf8+ 69.
Rb8 Qf3 70. Rb7 Qe4 71. Ka7 Qe8 72. Rb8 Qe7+ 73. Ka8 Qa3 74. Ka7 Qa5 75. Rb7 Qc5+ 76. Ka8 Qc4 77. Ka7 Qf1 78. Rb8 Kd7 79. Rb7+ Kd6 80.
Rb6+ Kc5 81. Rb7 Qf4 82. Ka8 Kc6 83. Ka7 Qe5 84. Ka8 Qe2 85. Ka7 Qf2+ 86. Ka8 Qg1 87.
Rb8 Qg3 88. Rb7 Qg1 89. Rb8 Kd7 90. Rb7+ Kd6 91. Rb8 Qg3 92. Rb7 Qg1 93. Rb8 Qf1 94.
Ka7 Qf2+ 95. Ka8 Qe2 96. Ka7 Qe3+ 97. Ka8 Qf4 98. Ka7 Kc7 99. Rb7+ Kc8 100. Ka8 Qe4 101. Ka7 Qc6 102. Rb8+ Kc7 103. Rb7+ Kc8 104. Rb8+ Kc7 105. Rb7+ Kc8 1/2-1/2

[Event "Late-Titled-Tuesday-Blitz-March-19-2024"]
[Site "Chess.com"]
[Date "2024.03.19"]
[Round "5"]
[White "Rodalquilar"]
[Black "GotCheeseCheckers"]
[Result "1-0"]
[WhiteElo "2767"]
[BlackElo "2526"]
[TimeControl "180+1"]
[EndTime "14:49:16 PDT"]
[Termination "Rodalquilar won by resignation"]

1. d4 c5 2. c3 cxd4 3. cxd4 Nf6 4. Nc3 g6 5. e4 d6 6. h3 Bg7 7. Nf3 O-O 8. Be2 b6 9. O-O Ba6 10. Bxa6 Nxa6 11. a3 Qd7 12. Re1 Rfd8 13. Qe2 Rac8 14.
Qxa6 1-0

[Event "Late-Titled-Tuesday-Blitz-March-19-2024"]
[Site "Chess.com"]
[Date "2024.03.19"]
[Round "5"]
[White "nihalsarin"]
[Black "FredddieCroderg"]
[Result "1-0"]
[WhiteElo "3159"]
[BlackElo "2293"]
[TimeControl "180+1"]
[EndTime "14:49:44 PDT"]
[Termination "nihalsarin won by resignation"]

1. Nf3 Nf6 2. e3 e6 3. b3 d5 4. Bb2 Be7 5. c4 O-O 6. Nc3 c5 7. cxd5 exd5 8. Rc1 Nc6 9. Bb5 Bd7 10. O-O Re8 11. d4 cxd4 12. Nxd4 Nxd4 13. Qxd4 Bxb5 14.
Nxb5 a6 15. Nc7 Rc8 16. Nxe8 Qxe8 17. Rxc8 Qxc8 18. Rc1 Qd7 19. Qc3 h6 20. Qc8+ Qxc8 21. Rxc8+ Kh7 22. Rc7 1-0

[Event "Late-Titled-Tuesday-Blitz-March-19-2024"]
[Site "Chess.com"]
[Date "2024.03.19"]
[Round "5"]
[White "annasargsyan_m"]
[Black "Licancabur"]
[Result "0-1"]
[WhiteElo "2624"]
[BlackElo "2507"]
[TimeControl "180+1"]
[EndTime "14:49:59 PDT"]
[Termination "Licancabur won by resignation"]

1. d4 d5 2. c4 dxc4 3. Nc3 a6 4. e3 e5 5. Bxc4 exd4 6. exd4 Bd6 7. Qb3 Qe7+ 8. Be3 Nf6 9. Nf3 b5 10. Bd5 c6 0-1

[Event "Late-Titled-Tuesday-Blitz-March-19-2024"]
[Site "Chess.com"]
[Date "2024.03.19"]
[Round "5"]
[White "esrosenberg"]
[Black "Malev212"]
[Result "0-1"]
[WhiteElo "2480"]
[BlackElo "2637"]
[TimeControl "180+1"]
[EndTime "14:49:59 PDT"]
[Termination "Malev212 won by resignation"]

1. d4 g6 2. e4 Bg7 3. Nc3 c5 4.
d5 d6 5. Bb5+ Bd7 6. a4 Nf6 7.
Nf3 O-O 8. Be2 e6 9. O-O exd5 10. exd5 Na6 11. h3 Nb4 12. Bf4 Bf5 13. Rc1 Re8 14. Re1 a6 15. Nd2 Nfxd5 16. Nxd5 Nxd5 17. Bh2 Bxb2 18. Rb1 Nc3 19. Rxb2 Nxd1 20. Rxb7 Nc3 0-1

[Event "Late-Titled-Tuesday-Blitz-March-19-2024"]
[Site "Chess.com"]
[Date "2024.03.19"]
[Round "5"]
[White "Fore_Man"]
[Black "AntonovaNadezhda"]
[Result "0-1"]
[WhiteElo "2276"]
[BlackElo "2199"]
[TimeControl "180+1"]
[EndTime "14:51:04 PDT"]
[Termination "AntonovaNadezhda won by resignation"]

1. Nf3 Nf6 2. d4 g6 3. c4 Bg7 4. Nc3 O-O 5. Bg5 d6 6. e3 h6 7.
Bh4 Nbd7 8. Be2 c5 9. O-O g5 10.
Bg3 Nh5 11. b3 Nxg3 12. hxg3 b6 13. Rc1 Nf6 14. d5 Bf5 15. Nd2 Bg6 16. e4 Nd7 17. f4 Bd4+ 18. Kh1 f5 19. Bh5 Kg7 20. Bxg6 Kxg6 21. exf5+ Rxf5 22. fxg5 Rxf1+ 23. Qxf1 hxg5 24. Qd3+ Kg7 25. g4 Ne5 26. Qh3 Qd7 0-1

[Event "Late-Titled-Tuesday-Blitz-March-19-2024"]
[Site "Chess.com"]
[Date "2024.03.19"]
[Round "5"]
[White "ploxoi"]
[Black "sacrifoice"]
[Result "0-1"]
[WhiteElo "2409"]
[BlackElo "2232"]
[TimeControl "180+1"]
[EndTime "14:51:05 PDT"]
[Termination "sacrifoice won by resignation"]

1. d4 Nf6 2. c4 e6 3. g3 d5 4. Bg2 Be7 5. Nf3 O-O 6. O-O b6 7. cxd5 exd5 8. Nc3 Bb7 9. Ne5 c6 10. e4 Nbd7 11. Nxc6 Bxc6 12. exd5 Bb7 13. d6 Bxg2 14. dxe7 Qxe7 15. Kxg2 Rfd8 16. Be3 Rac8 17. Qa4 Nf8 18. Rfe1 Qb7+ 19. Kg1 h5 20. Ne2 h4 21.
Nf4 g5 22. Nd3 h3 23. f3 Qxf3 0-1

[Event "Late-Titled-Tuesday-Blitz-March-19-2024"]
[Site "Chess.com"]
[Date "2024.03.19"]
[Round "5"]
[White "stolencandy13"]
[Black "Mr_Heisenberg13"]
[Result "0-1"]
[WhiteElo "2553"]
[BlackElo "2926"]
[TimeControl "180+1"]
[EndTime "14:51:16 PDT"]
[Termination "Mr_Heisenberg13 won by resignation"]

1. d4 Nf6 2. Bf4 d5 3. e3 c5 4.
c3 Nc6 5. Nd2 e6 6. Bd3 Be7 7.
Ngf3 Nh5 8. Be5 f6 9. Bg3 g6 10.
Qe2 O-O 11. Bh4 cxd4 12. exd4 Nf4 13. Qf1 e5 14. dxe5 fxe5 15. Bxe7 Qxe7 16. Bc2 e4 17. Nd4 Nxd4 18. cxd4 e3 19. fxe3 Qxe3+ 20. Kd1 Bg4+ 21. Nf3 Nxg2 22. Qxg2 0-1

[Event "Late-Titled-Tuesday-Blitz-March-19-2024"]
[Site "Chess.com"]
[Date "2024.03.19"]
[Round "5"]
[White "Supergiuly"]
[Black "MalyDominator"]
[Result "0-1"]
[WhiteElo "2341"]
[BlackElo "2519"]
[TimeControl "180+1"]
[EndTime "14:51:35 PDT"]
[Termination "MalyDominator won by resignation"]

1. g3 Nf6 2. Bg2 g6 3. d4 Bg7 4. c4 O-O 5. Nc3 d6 6. Nf3 Nc6 7. O-O Bg4 8. h3 Bxf3 9. Bxf3 Nd7 10. Be3 e5 11. d5 Nd4 12. Bxd4 exd4 13. Nb5 Ne5 14.
Rc1 Nxf3+ 15. exf3 Qf6 16. Nxc7 Rac8 17. Nb5 a6 18.
Na3 h5 19. Qd3 h4 20. Rcd1 Rfe8 21. Nc2 Qg5 22. f4 Qh5 23. Nxd4 hxg3 24. Qxg3 Rxc4 25.
Nb3 Rce4 26. Kh2 Bh6 27. f5 Bf4 28. fxg6 Bxg3+ 29. fxg3 0-1

[Event "Late-Titled-Tuesday-Blitz-March-19-2024"]
[Site "Chess.com"]
[Date "2024.03.19"]
[Round "5"]
[White "Der_Balak_3Halak"]
[Black "wallowss"]
[Result "1-0"]
[WhiteElo "2416"]
[BlackElo "2125"]
[TimeControl "180+1"]
[EndTime "14:51:37 PDT"]
[Termination "Der_Balak_3Halak won by resignation"]

1. e4 g6 2. h4 h6 3. h5 g5 4. d4 Bg7 5. Be3 d5 6. e5 c5 7. c3 Nc6 8. Bd3 cxd4 9. cxd4 Qb6 10. Nc3 Qxb2 11. Nge2 Be6 12. Nb5 Rc8 13. a3 Na5 14. Rb1 Qa2 15. Nec3 Rxc3 16. Nxc3 Qxa3 17. Nb5 Qa2 18. Ra1 Qb3 19. Rxa5 Qb4+ 20. Qd2 1-0

[Event "Late-Titled-Tuesday-Blitz-March-19-2024"]
[Site "Chess.com"]
[Date "2024.03.19"]
[Round "5"]
[White "Blitzstream"]
[Black "BabageldiAnnaberdiyev"]
[Result "1-0"]
[WhiteElo "2837"]
[BlackElo "2629"]
[TimeControl "180+1"]
[EndTime "14:51:39 PDT"]
[Termination "Blitzstream won by resignation"]

1. e4 e6 2. d4 d5 3. Nd2 Nf6 4. e5 Nfd7 5. Ngf3 c5 6. c3 Nc6 7.
Bd3 cxd4 8. cxd4 Qb6 9. O-O a5 10. a3 a4 11. Re1 Nxd4 12. Nxd4 Qxd4 13. Nf3 Qb6 14. Be3 Bc5 15. Rc1 h6 16. Rxc5 Nxc5 17. Qc2 Ra5 18. Rc1 O-O 19. Bxc5 Rxc5 20. Qxc5 Qxb2 21.
Qxc8 Qxa3 22. Qc3 Qe7 23. Qc5 Qxc5 24. Rxc5 Ra8 25. Rc1 a3 26. Kf1 a2 27. Ra1 Ra3 28.
Ke2 f6 29. exf6 gxf6 30. Nd4 e5 31. Nb5 Rb3 32. Rxa2 e4 33. Bxe4 dxe4 34. Nd6 Rb4 35. Ke3 1-0

[Event "Late-Titled-Tuesday-Blitz-March-19-2024"]
[Site "Chess.com"]
[Date "2024.03.19"]
[Round "5"]
[White "kingofthenil"]
[Black "SultaiC"]
[Result "1-0"]
[WhiteElo "2774"]
[BlackElo "2515"]
[TimeControl "180+1"]
[EndTime "14:51:49 PDT"]
[Termination "kingofthenil won by resignation"]

1. d4 Nf6 2. Nf3 e6 3. g3 d5 4. Bg2 Be7 5. O-O O-O 6. a3 c5 7. dxc5 Bxc5 8. c4 Nc6 9. b4 Be7 10. Bb2 dxc4 11. Nbd2 a5 12. b5 Na7 13. a4 Qc7 14.
Rc1 Rd8 15. Rxc4 Qd7 16. Qc2 Nd5 17. Ne4 b6 18. Neg5 g6 19. Ne5 Qb7 20. Ngxf7 Re8 21. Nh6+ Kg7 22. Neg4+ Kf8 23. Bxd5 exd5 24. Rf4+ Bf5 25.
Rxf5+ 1-0

[Event "Late-Titled-Tuesday-Blitz-March-19-2024"]
[Site "Chess.com"]
[Date "2024.03.19"]
[Round "5"]
[White "Weimarraner"]
[Black "expii"]
[Result "1-0"]
[WhiteElo "2436"]
[BlackElo "2198"]
[TimeControl "180+1"]
[EndTime "14:51:58 PDT"]
[Termination "Weimarraner won by resignation"]

1. d4 d5 2. Nf3 e6 3. e3 c5 4. c3 Nf6 5. Bd3 Nc6 6. O-O Be7 7. Nbd2 c4 8. Bc2 O-O 9. e4 b5 10. e5 Nd7 11. a3 a5 12. Re1 Bb7 13. Nf1 b4 14.
axb4 axb4 15. Rxa8 Qxa8 16. Bg5 g6 17. Bh6 Rb8 18. Ne3 Bf8 19. Bxf8 Rxf8 20. Ng4 Kg7 21. Qd2 f5 22. exf6+ Nxf6 23. Qh6+ Kg8 24. Bxg6 hxg6 25. Qxg6+ Kh8 26. Nxf6 1-0

[Event "Late-Titled-Tuesday-Blitz-March-19-2024"]
[Site "Chess.com"]
[Date "2024.03.19"]
[Round "5"]
[White "NovakRatko"]
[Black "EsmeraldasAnderson03"]
[Result "0-1"]
[WhiteElo "2411"]
[BlackElo "2554"]
[TimeControl "180+1"]
[EndTime "14:52:07 PDT"]
[Termination "EsmeraldasAnderson03 won by resignation"]

1. d4 d5 2. c4 dxc4 3. e3 Nf6 4. Bxc4 e6 5. Nf3 a6 6. a4 c5 7.
O-O Nc6 8. Nc3 cxd4 9. Nxd4 Nxd4 10. exd4 Be7 11. d5 exd5 12. Nxd5 Nxd5 13. Bxd5 O-O 14. Qb3 Bd6 15. Be3 Qh4 16. g3 Qh5 17. Rad1 Bg4 18. Rd4 Be5 19. Rb4 Rad8 20. Bg2 b5 21. axb5 axb5 22.
Rxb5 Be2 23. g4 Qxg4 24. Rxe5 Bxf1 25. Rg5 Bc4 26. Qc3 Rd1+ 0-1

[Event "Late-Titled-Tuesday-Blitz-March-19-2024"]
[Site "Chess.com"]
[Date "2024.03.19"]
[Round "5"]
[White "rhungaski"]
[Black "Kombinator01"]
[Result "1-0"]
[WhiteElo "2611"]
[BlackElo "2420"]
[TimeControl "180+1"]
[EndTime "14:52:10 PDT"]
[Termination "rhungaski won by checkmate"]

1. e4 e5 2. Nf3 Nf6 3. Nc3 Nc6 4. d4 exd4 5. Nxd4 Bb4 6. Nxc6 bxc6 7. Bd3 O-O 8. O-O d5 9. Bd2 Re8 10. Nxd5 Nxd5 11.
exd5 Bxd2 12. Qxd2 cxd5 13. b4 c6 14. Qc3 Qd6 15.
Rfe1 Bd7 16. Qd4 a5 17. c3 axb4 18. cxb4 Rxe1+ 19. Rxe1 Rxa2 20. Qh4 g6 21. Qd8+ Kg7 22. Re8 Ra7 23. Rg8+ Kh6 24. Qh4# 1-0

[Event "Late-Titled-Tuesday-Blitz-March-19-2024"]
[Site "Chess.com"]
[Date "2024.03.19"]
[Round "5"]
[White "Crazy_girl99"]
[Black "ilya2700"]
[Result "1-0"]
[WhiteElo "2589"]
[BlackElo "2332"]
[TimeControl "180+1"]
[EndTime "14:52:20 PDT"]
[Termination "Crazy_girl99 won by resignation"]

1. e4 c5 2. Nf3 e6 3. d4 cxd4 4. Nxd4 Nf6 5. Nc3 Nc6 6. Nxc6 bxc6 7. e5 Nd5 8. Ne4 Qc7 9. f4 Qb6 10. c4 Bb4+ 11. Ke2 f5 12. exf6 Nxf6 13. Be3 Qc7 14. Nxf6+ gxf6 15. c5 Qd8 16. Kf2 Qe7 17. Rc1 O-O 18.
Qa4 Rb8 19. a3 e5 20. axb4 exf4 21. Bxf4 Qe4 22. Qb3+ d5 23. Bxb8 Qf4+ 24. Bxf4 1-0

[Event "Late-Titled-Tuesday-Blitz-March-19-2024"]
[Site "Chess.com"]
[Date "2024.03.19"]
[Round "5"]
[White "Burgsvik"]
[Black "miraitrunks"]
[Result "0-1"]
[WhiteElo "2284"]
[BlackElo "2177"]
[TimeControl "180+1"]
[EndTime "14:52:27 PDT"]
[Termination "miraitrunks won by resignation"]

1. e4 c5 2. Nf3 d6 3. d4 cxd4 4. Nxd4 Nf6 5. Nc3 g6 6. Bc4 Bg7 7. Be3 O-O 8. f3 Nc6 9. Qd2 Nxd4 10. Bxd4 Be6 11. Bxe6 fxe6 12. O-O-O Qa5 13. Kb1 Rac8 14.
Nd5 Qxd2 15. Nxf6+ Bxf6 16. Rxd2 Bxd4 17. Rxd4 Rc5 18.
Rhd1 Rh5 19. h3 Rg5 20. R1d2 h5 21. Rc4 Rxf3 22. a4 Rfg3 23. Rc7 Rxg2 24. Rd3 R5g3 25. Rxe7 Rxd3 26. cxd3 Rg3 27. Rxe6 Kf7 28. Rxd6 Rxh3 29. e5 Re3 30. d4 h4 31. Rd7+ Ke6 32. Rd6+ Kf5 33. Rf6+ Kg5 34. Rf8 h3 35. Rh8 Kf5 36.
Kc2 Rg3 37. b4 g5 38. Rf8+ Ke6 39. Rf6+ Kd5 40. Rd6+ Kc4 41. e6 Rg2+ 42. Kd1 h2 0-1

[Event "Late-Titled-Tuesday-Blitz-March-19-2024"]
[Site "Chess.com"]
[Date "2024.03.19"]
[Round "5"]
[White "AryanTari"]
[Black "Evandro_Barbosa"]
[Result "1-0"]
[WhiteElo "3016"]
[BlackElo "2726"]
[TimeControl "180+1"]
[EndTime "14:52:32 PDT"]
[Termination "AryanTari won by resignation"]

1. e4 c5 2. Nf3 e6 3. d4 cxd4 4.
Nxd4 Nc6 5. Bf4 d6 6. Nxc6 bxc6 7. c4 Nf6 8. Nc3 Be7 9. Be2 O-O 10. O-O e5 11.
Be3 Be6 12. b4 Nd7 13. b5 cxb5 14. cxb5 Qa5 15. Nd5 Bxd5 16. Qxd5 Nf6 17. Qd3 Rfd8 18. Bf3 Rac8 19. Rfd1 h6 20. a4 Rc3 21. Bd2 Rxd3 22. Bxa5 Rxd1+ 23. Rxd1 Rc8 24. b6 axb6 25. Bxb6 Nd7 26.
Bg4 Nxb6 27. Bxc8 Nxc8 28. Rb1 Kh7 29. Rb8 Na7 30. Rb7 Nc6 31. Rc7 1-0

[Event "Late-Titled-Tuesday-Blitz-March-19-2024"]
[Site "Chess.com"]
[Date "2024.03.19"]
[Round "5"]
[White "Morscas"]
[Black "SameerMujumdar"]
[Result "1-0"]
[WhiteElo "2351"]
[BlackElo "2512"]
[TimeControl "180+1"]
[EndTime "14:52:33 PDT"]
[Termination "Morscas won by resignation"]

1. e4 c6 2. d4 d5 3. exd5 cxd5 4. c4 Nf6 5. Nc3 Nc6 6. Nf3 e6 7. cxd5 Nxd5 8. Bd3 Be7 9. O-O Nf6 10. Bg5 O-O 11.
Re1 b6 12. Rc1 Bb7 13. Ne4 Nb4 14. Bxf6 Bxf6 15. Bb1 g6 16. Nxf6+ Qxf6 17. Ne5 Rfd8 18. a3 Qg5 19. g3 Nd5 20. Be4 Rac8 21. Rxc8 Rxc8 22.
Qf3 Qe7 23. Nxg6 hxg6 24. Bxd5 Bxd5 25. Qxd5 Qg5 26. Qxg5 1-0

[Event "Late-Titled-Tuesday-Blitz-March-19-2024"]
[Site "Chess.com"]
[Date "2024.03.19"]
[Round "5"]
[White "andjela_djidjika"]
[Black "jaramsdal"]
[Result "0-1"]
[WhiteElo "2141"]
[BlackElo "2274"]
[TimeControl "180+1"]
[EndTime "14:52:39 PDT"]
[Termination "jaramsdal won by resignation"]

1. g3 d5 2. Bg2 c6 3. Nf3 Bg4 4. O-O Nf6 5. d3 e6 6. Qe1 Nbd7 7. e4 Bd6 8. e5 Bxf3 9. exf6 Qxf6 10. Nc3 Bxg2 11. Kxg2 O-O 12. a3 e5 13. b3 Rae8 14. Bb2 Qg6 15. Qd2 f5 16. Rae1 f4 17. f3 fxg3 18.
hxg3 e4 19. dxe4 Qxg3+ 20. Kh1 Rf6 21. Re2 Qh3+ 22. Kg1 Bc5+ 23. Rff2 Rg6+ 0-1

[Event "Late-Titled-Tuesday-Blitz-March-19-2024"]
[Site "Chess.com"]
[Date "2024.03.19"]
[Round "5"]
[White "FairChess_on_YouTube"]
[Black "xxysoul6"]
[Result "1/2-1/2"]
[WhiteElo "3150"]
[BlackElo "2963"]
[TimeControl "180+1"]
[EndTime "14:52:52 PDT"]
[Termination "Game drawn by agreement"]

1. Nf3 d5 2. e3 Nf6 3. c4 e6 4. b3 Bd6 5. Bb2 O-O 6. d4 b6 7. Bd3 Bb7 8. O-O dxc4 9. bxc4 c5 10. Nbd2 cxd4 11. exd4 Nc6 12. Qe2 Nb4 13. Bb1 Rc8 14.
Re1 Re8 15. a3 Nc6 16. Ne4 Nxe4 17. Qxe4 g6 18. c5 Bf8 19. Ba2 Bg7 20. Rad1 Ba8 21. d5 exd5 22. Qxe8+ Qxe8 23. Rxe8+ Rxe8 24. Bxg7 Kxg7 25.
cxb6 axb6 26. Bxd5 Rd8 27. Bb3 Rxd1+ 28. Bxd1 Kf6 29.
Kf1 Ne5 30. Nd2 Bd5 31. Be2 1/2-1/2

[Event "Late-Titled-Tuesday-Blitz-March-19-2024"]
[Site "Chess.com"]
[Date "2024.03.19"]
[Round "5"]
[White "Romkachess"]
[Black "Durarbayli"]
[Result "0-1"]
[WhiteElo "2708"]
[BlackElo "2964"]
[TimeControl "180+1"]
[EndTime "14:52:53 PDT"]
[Termination "Durarbayli won by resignation"]

1. e4 c5 2. Nf3 d6 3. d4 cxd4 4. Nxd4 Nf6 5. Nc3 a6 6. h3 e6 7.
g4 b5 8. Bg2 Bb7 9. O-O h6 10.
a3 Nbd7 11. Be3 Rc8 12. f4 Rxc3 13. bxc3 Bxe4 14. Bxe4 Nxe4 15. f5 e5 16. Ne2 h5 17.
Qd5 Nef6 18. Qg2 hxg4 19. hxg4 Rh4 20. Bg5 Rxg4 0-1

[Event "Late-Titled-Tuesday-Blitz-March-19-2024"]
[Site "Chess.com"]
[Date "2024.03.19"]
[Round "5"]
[White "lluiss"]
[Black "SergioMoralesG"]
[Result "1-0"]
[WhiteElo "2271"]
[BlackElo "2462"]
[TimeControl "180+1"]
[EndTime "14:53:00 PDT"]
[Termination "lluiss won by resignation"]

1. Nf3 c5 2. c4 Nc6 3. Nc3 Nf6 4. d4 cxd4 5. Nxd4 e6 6. a3 a6 7. g3 Qc7 8. Bg2 Nxd4 9. Qxd4 Bc5 10. Qf4 Qxf4 11.
Bxf4 h6 12. Rd1 Ke7 13. b4 Ba7 14. c5 Bb8 15. Bd6+ Kd8 16. O-O Ne8 17. Ne4 f5 18. Bxb8 Rxb8 19. Nd6 b6 20. Nf7+ 1-0

[Event "Late-Titled-Tuesday-Blitz-March-19-2024"]
[Site "Chess.com"]
[Date "2024.03.19"]
[Round "5"]
[White "Koalaskakistis"]
[Black "martinmena"]
[Result "0-1"]
[WhiteElo "2476"]
[BlackElo "2258"]
[TimeControl "180+1"]
[EndTime "14:53:07 PDT"]
[Termination "martinmena won by resignation"]

1. d4 d5 2. Nc3 Nf6 3. Bf4 e6 4. Nb5 Na6 5. e3 c6 6. Nc3 Nc7 7. Nf3 Bd6 8. Ne5 O-O 9. Bd3 c5 10.
dxc5 Bxc5 11. h4 d4 12. exd4 Bxd4 13. Qf3 Bxc3+ 14. bxc3 Ncd5 15. Bg5 Qc7 16. Ng4 Nxg4 17. Qxg4 Qxc3+ 18. Ke2 Qe5+ 19. Be3 f5 20. Qh5 Nf4+ 0-1

[Event "Late-Titled-Tuesday-Blitz-March-19-2024"]
[Site "Chess.com"]
[Date "2024.03.19"]
[Round "5"]
[White "campochess"]
[Black "Arlo2024"]
[Result "0-1"]
[WhiteElo "2185"]
[BlackElo "2306"]
[TimeControl "180+1"]
[EndTime "14:53:07 PDT"]
[Termination "Arlo2024 won by resignation"]

1. e4 e6 2. Qe2 c5 3. c3 Nc6 4. Nf3 Nf6 5. d3 d5 6. Nbd2 Be7 7. g4 h6 8. Rg1 Bd7 9. h3 Qc7 10. e5 Nh7 11. d4 cxd4 12. cxd4 Ng5 13. Bg2 Rc8 14.
h4 Nxf3+ 15. Nxf3 Bxh4 16. Be3 Be7 17. Kf1 Qb6 18. Bh3 Nxe5 19. Nxe5 Bb5 20. Nd3 Qa6 21. Rd1 Qxa2 22. Kg2 O-O 23. Qd2 Bxd3 24. Qxd3 Qxb2 25. Rb1 Qa3 26. Rxb7 Qxd3 0-1

[Event "Late-Titled-Tuesday-Blitz-March-19-2024"]
[Site "Chess.com"]
[Date "2024.03.19"]
[Round "5"]
[White "KetiTsatsalashvili"]
[Black "GlavkonVVS"]
[Result "0-1"]
[WhiteElo "2475"]
[BlackElo "2685"]
[TimeControl "180+1"]
[EndTime "14:53:08 PDT"]
[Termination "GlavkonVVS won by resignation"]

1. d4 Nf6 2. Nf3 c5 3. d5 e6 4. c4 exd5 5. cxd5 d6 6. Nc3 g6 7. Nd2 Bg7 8. Nc4 O-O 9. Bf4 Ne8 10. e4 a6 11. a4 Nd7 12. Nxd6 Nxd6 13. Bxd6 Re8 14.
Be2 Qb6 15. e5 Qxb2 16. Qc1 Qxc1+ 17. Rxc1 Bxe5 18. Bxe5 Rxe5 19. O-O b6 20. f4 Re3 21. Bg4 f5 22. Bf3 Bb7 23. Kf2 Rae8 24. Rfe1 Rxe1 25. Rxe1 Rxe1 26. Kxe1 Kf7 27. Be2 Nf6 28. Bc4 Ke7 29. Ke2 Kd6 30. g3 Nxd5 31. Nxd5 Bxd5 32.
Bxa6 Bc6 33. Bc4 Bxa4 34. Bg8 Be8 35. Bxh7 Bf7 36. h3 Ke7 37. g4 fxg4 38. hxg4 Kf6 39. f5 g5 40. Kd2 Kg7 41. f6+ Kxh7 0-1

[Event "Late-Titled-Tuesday-Blitz-March-19-2024"]
[Site "Chess.com"]
[Date "2024.03.19"]
[Round "5"]
[White "Eloist"]
[Black "simaopdias"]
[Result "1-0"]
[WhiteElo "2481"]
[BlackElo "2276"]
[TimeControl "180+1"]
[EndTime "14:53:08 PDT"]
[Termination "Eloist won by resignation"]

1. e4 c5 2. Nf3 g6 3. c3 Bg7 4. d4 cxd4 5. cxd4 d5 6. e5 Nh6 7. Bb5+ Nc6 8. O-O Bg4 9. Nbd2 O-O 10. Bxc6 bxc6 11. h3 Bxf3 12. Nxf3 e6 13. Bg5 Qb6 14.
b3 Rac8 15. Qd2 Nf5 16. g4 h6 17. Bf4 Ne7 18. Bxh6 f5 19. Qg5 Rf7 20. Bxg7 Kxg7 21. Qe3 c5 22. dxc5 Rxc5 23. Ng5 d4 24. Qxd4 Nc6 25.
Qxc5 1-0

[Event "Late-Titled-Tuesday-Blitz-March-19-2024"]
[Site "Chess.com"]
[Date "2024.03.19"]
[Round "5"]
[White "Sargsyan_Shant"]
[Black "jefferyx"]
[Result "1-0"]
[WhiteElo "2950"]
[BlackElo "3091"]
[TimeControl "180+1"]
[EndTime "14:53:09 PDT"]
[Termination "Sargsyan_Shant won by resignation"]

1. c4 e6 2. Nc3 d5 3. d4 Nf6 4.
cxd5 exd5 5. Bg5 c6 6. e3 Bd6 7.
Bd3 O-O 8. Qc2 h6 9. Bh4 Re8 10. Nf3 Be6 11. O-O Nbd7 12. Rab1 a5 13. a3 Qe7 14.
Rfe1 Qf8 15. Bg3 Bxg3 16. hxg3 Qd6 17. b4 b5 18. e4 dxe4 19. Nxe4 Qd5 20. Rbc1 axb4 21.
axb4 Rec8 22. Nxf6+ Nxf6 23. Ne5 Qd6 24. Nxc6 Ra2 25. Ne7+ 1-0

[Event "Late-Titled-Tuesday-Blitz-March-19-2024"]
[Site "Chess.com"]
[Date "2024.03.19"]
[Round "5"]
[White "thesupera12"]
[Black "Navyblue1"]
[Result "1-0"]
[WhiteElo "2439"]
[BlackElo "2214"]
[TimeControl "180+1"]
[EndTime "14:53:12 PDT"]
[Termination "thesupera12 won by resignation"]

1. c4 c5 2. g3 Nf6 3. Bg2 d5 4. cxd5 Nxd5 5. Nc3 Nb6 6. Nf3 Nc6 7. O-O g6 8. b3 Bg7 9. Bb2 O-O 10. Rc1 Nd4 11. Nxd4 cxd4 12. Nb5 a6 13. Na3 Rb8 14. Nc4 Nxc4 15.
Rxc4 Be6 16. Rc5 b6 17. Rc6 Bd5 18. Bxd5 Qxd5 19. Rc7 Qd6 20. Qc1 Rfd8 21. d3 h5 22. Qc6 Qxc6 23. Rxc6 Rdc8 24. Rfc1 Rxc6 25. Rxc6 Rb7 26.
Kg2 Be5 27. f4 Bf6 28. Kf3 a5 29. Ke4 b5 30. Bxd4 Bxd4 31. Kxd4 a4 32. Kc5 axb3 33.
axb3 b4 34. Rb6 Ra7 35. Rxb4 Ra2 36. Re4 e6 37. b4 Kf8 38. b5 Ke7 39. Kc6 Rc2+ 40.
Kb7 Kd7 41. b6 Rb2 42. Rd4+ Ke8 43. Kc7 Rc2+ 44. Rc4 1-0

[Event "Late-Titled-Tuesday-Blitz-March-19-2024"]
[Site "Chess.com"]
[Date "2024.03.19"]
[Round "5"]
[White "Redzishchess"]
[Black "DavidGavrilescu18"]
[Result "0-1"]
[WhiteElo "2514"]
[BlackElo "2768"]
[TimeControl "180+1"]
[EndTime "14:53:13 PDT"]
[Termination "DavidGavrilescu18 won on time"]

1. d4 d5 2. c4 e6 3. Nf3 Nf6 4. g3 Bb4+ 5. Nbd2 dxc4 6. Qc2 b5 7. Bg2 a5 8. a4 c6 9. O-O O-O 10. b3 c3 11. Nb1 bxa4 12. bxa4 c5 13. dxc5 Bb7 14.
Nxc3 Nbd7 15. Rd1 Rc8 16. Be3 Qe7 17. Rac1 Nxc5 18. Qb2 h6 19. Bd4 Rfd8 20. e3 Ne8 21. Nb5 Nxa4 22. Qa1 Nc5 23. Bxc5 Rxd1+ 24. Rxd1 Qxc5 25. Nbd4 Nf6 26. Qb1 Be4 27. Qb3 Bd5 28.
Qb1 Ne4 29. Ne5 Nc3 30. Nd7 Nxb1 31. Nxc5 Nc3 0-1

[Event "Late-Titled-Tuesday-Blitz-March-19-2024"]
[Site "Chess.com"]
[Date "2024.03.19"]
[Round "5"]
[White "Vahe_Danielyan"]
[Black "Zohid6"]
[Result "0-1"]
[WhiteElo "2657"]
[BlackElo "2880"]
[TimeControl "180+1"]
[EndTime "14:53:16 PDT"]
[Termination "Zohid6 won by checkmate"]

1. d4 d5 2. Nf3 Nf6 3. Bf4 c5 4. e3 Nc6 5. Nbd2 e6 6. c3 Be7 7. Bd3 Nh5 8. Bg3 g6 9. O-O Nxg3 10. hxg3 O-O 11. Qe2 b6 12. Bb5 Bb7 13. Ba6 Qc8 14.
Bxb7 Qxb7 15. g4 Bd6 16. g3 e5 17. e4 exd4 18. exd5 Ne7 19. Ne4 Rad8 20. c4 Nc8 21.
Nf6+ Kg7 22. g5 h6 23. Qd2 hxg5 24. Qxg5 Rh8 25. Rae1 Be7 26. Nh4 Rxh4 27. Qxh4 Bxf6 28. Qf4 Nd6 29. b3 b5 30. Kg2 bxc4 31. Rh1 Qxd5+ 32. f3 Nf5 33. g4 Bg5 34. Qh2 Nh4+ 35. Kg3 Qxf3# 0-1